MLB
SAN DIEGO PADRES @ LOS ANGELES DODGERS
09/05/2045
 
TOP OF THE 1ST
San Diego Padres batting - Pitching for Los Angeles Dodgers : RHP Ray Scifo
Pitching: RHP Ray Scifo
Batting: LHB Ryan Flynn Jr. 0-0: Ground out 4-3 (Groundball, 4, EV 82.5 MPH)
Batting: SHB Jerry Luckwell 0-0: Fly out, F4 (Popup, 34S, EV 82.5 MPH)
Batting: LHB Mike Holt 0-0: Swinging Strike
0-1: DOUBLE (Flyball, 8LXD, EV 91.9 MPH)
Batting: RHB Bobby Ayala 0-0: Ball
1-0: Ball
2-0: Ball
3-0: Base on Balls
Batting: RHB Jorge Severiano 0-0: Swinging Strike
0-1: Foul Ball, location: 2F
0-2: Ball
1-2: SINGLE (Groundball, 25, EV 68.1 MPH) (infield hit)
Mike Holt to third
Bobby Ayala to second
Batting: SHB Rich Chavez 0-0: Foul Ball, location: 2F
0-1: Ball
Wild Pitch!
Mike Holt scores
Bobby Ayala to third
Jorge Severiano to second
1-1: Ball
2-1: Ball
3-1: Foul Ball, location: 2F
3-2: Fly out, F5 (Popup, 56S, EV 85.0 MPH)
Top of the 1st over - 1 run, 2 hits, 0 errors, 2 left on base; San Diego 1 - Los Angeles 0
BOTTOM OF THE 1ST
Los Angeles Dodgers batting - Pitching for San Diego Padres : LHP Jason Breeden
Pitching: LHP Jason Breeden
Batting: RHB Tsutomu Irie 0-0: Swinging Strike
0-1: Ball
1-1: Ball
2-1: Ball
3-1: Base on Balls
Batting: LHB Chris Ringwood 0-0: Ball
1-0: Ball
2-0: Foul Ball, location: 2F
2-1: Hit by Pitch
Tsutomu Irie to second
Batting: LHB Lirak Bazhunaishvili 0-0: DOUBLE (Line Drive, 7LD, EV 103.1 MPH)
Tsutomu Irie scores
Chris Ringwood to third
Batting: RHB Clay Buchanan 0-0: Ball
1-0: Ball
2-0: SINGLE (Groundball, 34D, EV 95.0 MPH)
Chris Ringwood scores
Lirak Bazhunaishvili to third
Batting: RHB Danny Dyer 0-0: Ball
1-0: Swinging Strike
1-1: Grounds into double play, 6-4-3 (Groundball, 56, EV 109.4 MPH)
Lirak Bazhunaishvili scores
Batting: RHB Ben Mischnick 0-0: Called Strike
0-1: Ball
1-1: Ball
2-1: Foul Ball, location: 2F
2-2: Ball
3-2: Strikes out swinging
Bottom of the 1st over - 3 runs, 2 hits, 0 errors, 0 left on base; San Diego 1 - Los Angeles 3
TOP OF THE 2ND
San Diego Padres batting - Pitching for Los Angeles Dodgers : RHP Ray Scifo
Batting: RHB Chiel Palstermans 0-0: Called Strike
0-1: Foul Ball, location: 2F
0-2: Ball
1-2: SINGLE (Groundball, 56D, EV 106.2 MPH)
Batting: LHB Chris Moody 0-0: Ball
1-0: Ball
2-0: Called Strike
2-1: Ball
3-1: Foul Ball, location: 2F
3-2: Fielders Choice at 2nd, 3-6 (Groundball, 3, EV 81.9 MPH)
Batting: RHB Kevin Howard 0-0: Called Strike
0-1: Ball
1-1: Ball
2-1: Called Strike
2-2: Ball
3-2: Fly out, F4 (Flyball, 4D, EV 89.4 MPH)
Batting: LHB Ryan Flynn Jr. 0-0: Foul Ball, location: 2F
0-1: Fly out, F5 (Flyball, 5D, EV 88.1 MPH)
Top of the 2nd over - 0 runs, 1 hit, 0 errors, 1 left on base; San Diego 1 - Los Angeles 3
BOTTOM OF THE 2ND
Los Angeles Dodgers batting - Pitching for San Diego Padres : LHP Jason Breeden
Batting: SHB Carlos Rodriguez 0-0: SINGLE (Line Drive, 56D, EV 95.6 MPH)
Batting: RHB John Manocchio 0-0: Ball
1-0: Foul Ball, location: 2F
1-1: Foul Ball, location: 2F
1-2: Ball
2-2: Fly out, F8 (Line Drive, 8LM, EV 92.5 MPH)
Batting: RHB Isaiah Yarbrough 0-0: Ball
1-0: Foul Ball, location: 2F
1-1: Ball
2-1: Foul Ball, location: 2F
2-2: 2-RUN HOME RUN (Flyball, 7D, EV 96.2 MPH), Distance : 363 ft
Batting: RHB Tsutomu Irie 0-0: Called Strike
0-1: Ground out 6-3 (Groundball, 6, EV 80.6 MPH)
Batting: LHB Chris Ringwood 0-0: Called Strike
0-1: Foul Ball, location: 2F
0-2: Fly out, F8 (Line Drive, 8LD, EV 90.6 MPH)
Bottom of the 2nd over - 2 runs, 2 hits, 0 errors, 0 left on base; San Diego 1 - Los Angeles 5
TOP OF THE 3RD
San Diego Padres batting - Pitching for Los Angeles Dodgers : RHP Ray Scifo
Batting: SHB Jerry Luckwell 0-0: Foul Ball, location: 2F
0-1: Ball
1-1: Called Strike
1-2: Ball
2-2: Foul Ball, location: 2F
2-2: Foul Ball, location: 2F
2-2: Ball
3-2: Foul Ball, location: 2F
3-2: SOLO HOME RUN (Flyball, 89XD, EV 102.5 MPH), Distance : 392 ft
Batting: LHB Mike Holt 0-0: Ball
1-0: Ground out 4-3 (Groundball, 34, EV 106.9 MPH)
Batting: RHB Bobby Ayala 0-0: Foul Ball, location: 2F
0-1: Called Strike
0-2: Ball
1-2: Ground out 6-3 (Groundball, 6, EV 90.0 MPH)
Batting: RHB Jorge Severiano 0-0: Foul Ball, location: 2F
0-1: Called Strike
0-2: Ball
1-2: Foul Ball, location: 2F
1-2: Ground out 5-3 (Groundball, 5, EV 104.4 MPH)
Top of the 3rd over - 1 run, 1 hit, 0 errors, 0 left on base; San Diego 2 - Los Angeles 5
BOTTOM OF THE 3RD
Los Angeles Dodgers batting - Pitching for San Diego Padres : LHP Jason Breeden
Batting: LHB Lirak Bazhunaishvili 0-0: Ball
1-0: Called Strike
1-1: Ball
2-1: Ball
3-1: Base on Balls
Batting: RHB Clay Buchanan 0-0: Ball
1-0: Ball
2-0: Called Strike
Lirak Bazhunaishvili steals 2nd base
2-1: Swinging Strike
2-2: Strikes out swinging
Batting: RHB Danny Dyer 0-0: Fly out, F6 (Line Drive, 6D, EV 83.1 MPH)
Batting: RHB Ben Mischnick 0-0: Swinging Strike
0-1: Ball
1-1: Called Strike
1-2: Strikes out swinging
Bottom of the 3rd over - 0 runs, 0 hits, 0 errors, 1 left on base; San Diego 2 - Los Angeles 5
TOP OF THE 4TH
San Diego Padres batting - Pitching for Los Angeles Dodgers : RHP Ray Scifo
Batting: SHB Rich Chavez 0-0: Fly out, F9 (Line Drive, 9D, EV 95.6 MPH)
Batting: RHB Chiel Palstermans 0-0: Called Strike
0-1: Swinging Strike
0-2: Strikes out looking
Batting: LHB Chris Moody 0-0: Ground out 4-3 (Groundball, 4, EV 77.5 MPH)
Top of the 4th over - 0 runs, 0 hits, 0 errors, 0 left on base; San Diego 2 - Los Angeles 5
BOTTOM OF THE 4TH
Los Angeles Dodgers batting - Pitching for San Diego Padres : LHP Jason Breeden
Batting: SHB Carlos Rodriguez 0-0: Called Strike
0-1: Called Strike
0-2: Foul Ball, location: 2F
0-2: Ball
1-2: SINGLE (Line Drive, 89S, EV 93.8 MPH)
Pitching: RHP Mike Torres
Batting: RHB John Manocchio 0-0: Ball
1-0: Called Strike
Carlos Rodriguez steals 2nd base
1-1: Fly out, F8 (Flyball, 78S, EV 91.9 MPH)
Batting: RHB Isaiah Yarbrough 0-0: Ball
1-0: Ball
2-0: Called Strike
2-1: Swinging Strike
2-2: Ball
3-2: Strikes out swinging
Batting: RHB Tsutomu Irie 0-0: Ball
1-0: Called Strike
1-1: Ball
2-1: Called Strike
2-2: Ball
3-2: Foul Ball, location: 2F
3-2: Strikes out swinging
Bottom of the 4th over - 0 runs, 1 hit, 0 errors, 1 left on base; San Diego 2 - Los Angeles 5
TOP OF THE 5TH
San Diego Padres batting - Pitching for Los Angeles Dodgers : RHP Ray Scifo
Batting: RHB Kevin Howard 0-0: Called Strike
0-1: Foul Ball, location: 2F
0-2: Ball
1-2: Foul Ball, location: 2F
1-2: Foul Ball, location: 2F
1-2: Ball
2-2: Ground out 5-3 (Groundball, 56, EV 87.5 MPH)
Batting: LHB Ryan Flynn Jr. 0-0: Ball
1-0: Ball
2-0: Foul Ball, location: 2F
2-1: Ground out 3-1 (Groundball, 13, EV 93.1 MPH)
Batting: SHB Jerry Luckwell 0-0: Ball
1-0: Called Strike
1-1: Ball
2-1: Fly out, F7 (Line Drive, 7S, EV 106.9 MPH)
Top of the 5th over - 0 runs, 0 hits, 0 errors, 0 left on base; San Diego 2 - Los Angeles 5
BOTTOM OF THE 5TH
Los Angeles Dodgers batting - Pitching for San Diego Padres : RHP Mike Torres
Batting: LHB Chris Ringwood 0-0: Ball
1-0: Ball
2-0: Ball
3-0: Base on Balls
Batting: LHB Lirak Bazhunaishvili 0-0: Ball
Chris Ringwood steals 2nd base
1-0: Called Strike
1-1: Foul Ball, location: 2F
1-2: Ball
2-2: Ball
3-2: Foul Ball, location: 2F
3-2: Base on Balls
Batting: RHB Clay Buchanan 0-0: Ball
1-0: Called Strike
1-1: Ball
Wild Pitch!
Chris Ringwood to third
Lirak Bazhunaishvili to second
2-1: Called Strike
2-2: Strikes out swinging
Batting: RHB Danny Dyer 0-0: Ball
1-0: Called Strike
1-1: Ground out 6-3 (Groundball, 56D, EV 105.6 MPH)
Chris Ringwood scores
Batting: RHB Ben Mischnick 0-0: Foul Ball, location: 2F
0-1: Foul Ball, location: 2F
0-2: Ball
1-2: Ball
2-2: Strikes out swinging
Bottom of the 5th over - 1 run, 0 hits, 0 errors, 1 left on base; San Diego 2 - Los Angeles 6
TOP OF THE 6TH
San Diego Padres batting - Pitching for Los Angeles Dodgers : RHP Ray Scifo
Batting: LHB Mike Holt 0-0: Called Strike
0-1: Foul Ball, location: 2F
0-2: Ball
1-2: Strikes out looking
Batting: RHB Bobby Ayala 0-0: Swinging Strike
0-1: Ground out 6-3 (Groundball, 6, EV 89.4 MPH)
Batting: RHB Jorge Severiano 0-0: Ground out 6-3 (Groundball, 6, EV 86.2 MPH)
Top of the 6th over - 0 runs, 0 hits, 0 errors, 0 left on base; San Diego 2 - Los Angeles 6
BOTTOM OF THE 6TH
Los Angeles Dodgers batting - Pitching for San Diego Padres : RHP Mike Torres
Batting: SHB Carlos Rodriguez 0-0: SINGLE (Flyball, 7S, EV 89.4 MPH)
Pitching: RHP Jack Overbeek
Batting: RHB John Manocchio 0-0: Foul Ball, location: 2F
0-1: Foul Ball, location: 2F
0-2: Strikes out swinging
Batting: RHB Isaiah Yarbrough 0-0: Foul Ball, location: 2F
0-1: Ball
1-1: Fielders Choice at 2nd, 1-4 (Groundball, 15S, EV 66.2 MPH)
Batting: RHB Tsutomu Irie 0-0: Called Strike
0-1: Fly out, F8 (Flyball, 8RXD, EV 102.5 MPH)
Bottom of the 6th over - 0 runs, 1 hit, 0 errors, 1 left on base; San Diego 2 - Los Angeles 6
TOP OF THE 7TH
San Diego Padres batting - Pitching for Los Angeles Dodgers : RHP Ray Scifo
Batting: SHB Rich Chavez 0-0: Ball
1-0: Called Strike
1-1: Ground out 1-3 (Groundball, 34S, EV 63.1 MPH)
Batting: RHB Chiel Palstermans 0-0: Foul Ball, location: 2F
0-1: Ball
1-1: Fly out, F9 (Flyball, 9S, EV 87.5 MPH)
Batting: LHB Chris Moody 0-0: Called Strike
0-1: Called Strike
0-2: Strikes out looking
Top of the 7th over - 0 runs, 0 hits, 0 errors, 0 left on base; San Diego 2 - Los Angeles 6
BOTTOM OF THE 7TH
Los Angeles Dodgers batting - Pitching for San Diego Padres : RHP Jack Overbeek
Batting: LHB Chris Ringwood 0-0: Foul Ball, location: 2F
0-1: Ground out 1-3 (Groundball, 23, EV 69.4 MPH)
Batting: LHB Lirak Bazhunaishvili 0-0: Called Strike
0-1: Called Strike
0-2: Ball
1-2: Ball
2-2: Strikes out swinging
Batting: RHB Clay Buchanan 0-0: Ball
1-0: Called Strike
1-1: Called Strike
1-2: Ball
2-2: Foul Ball, location: 2F
2-2: Ball
3-2: Fly out, F7 (Flyball, 7S, EV 95.6 MPH)
Bottom of the 7th over - 0 runs, 0 hits, 0 errors, 0 left on base; San Diego 2 - Los Angeles 6
TOP OF THE 8TH
San Diego Padres batting - Pitching for Los Angeles Dodgers : RHP Ray Scifo
Batting: RHB Kevin Howard 0-0: Ball
1-0: Called Strike
1-1: Swinging Strike
1-2: Ball
2-2: Fly out, F8 (Flyball, 8RM, EV 92.5 MPH)
Batting: LHB Ryan Flynn Jr. 0-0: Ball
1-0: SINGLE (Groundball, P, EV 86.2 MPH) (infield hit)
Batting: SHB Jerry Luckwell 0-0: Foul Ball, location: 2F
0-1: Swinging Strike
0-2: Ball
1-2: DOUBLE (Flyball, 89D, EV 108.1 MPH)
Ryan Flynn Jr. to third
Pitching: RHP Taylor Drews
Batting: LHB Mike Holt 0-0: Ball
1-0: Called Strike
1-1: Called Strike
1-2: Reached on error, E7 (Flyball, 7LM, EV 86.2 MPH)
Ryan Flynn Jr. scores
Jerry Luckwell to third
Batting: RHB Bobby Ayala 0-0: Ball
1-0: Called Strike
1-1: SINGLE (Groundball, 6MD, EV 105.6 MPH)
Jerry Luckwell scores
Mike Holt to second
Batting: RHB Jorge Severiano 0-0: Foul Ball, location: 2F
0-1: Ball
1-1: Foul Ball, location: 2F
1-2: Ball
2-2: Strikes out swinging
Batting: SHB Rich Chavez 0-0: Called Strike
0-1: Foul Ball, location: 2F
0-2: Ground out 4-3 (Groundball, 4D, EV 98.1 MPH)
Top of the 8th over - 2 runs, 3 hits, 1 error, 2 left on base; San Diego 4 - Los Angeles 6
BOTTOM OF THE 8TH
Los Angeles Dodgers batting - Pitching for San Diego Padres : RHP Jack Overbeek
Pitching: RHP Raul Almonte
Batting: RHB Danny Dyer 0-0: Fly out, F8 (Flyball, 8RM, EV 88.8 MPH)
Batting: RHB Ben Mischnick 0-0: Called Strike
0-1: Ball
1-1: Ball
2-1: Foul Ball, location: 2F
2-2: Strikes out swinging
Batting: SHB Carlos Rodriguez 0-0: Called Strike
0-1: Called Strike
0-2: Ball
1-2: Foul Ball, location: 2F
1-2: Fly out, F8 (Flyball, 78D, EV 110.0 MPH)
Bottom of the 8th over - 0 runs, 0 hits, 0 errors, 0 left on base; San Diego 4 - Los Angeles 6
TOP OF THE 9TH
San Diego Padres batting - Pitching for Los Angeles Dodgers : RHP Taylor Drews
Pitching: LHP Josh Ramirez
Batting: RHB Chiel Palstermans 0-0: SINGLE (Groundball, 6, EV 103.8 MPH)
Pinch Hitting: RHB Carlos Reyes 0-0: Called Strike
0-1: Foul Ball, location: 2F
0-2: Ball
1-2: Strikes out swinging
Batting: RHB Kevin Howard 0-0: Called Strike
0-1: Ball
1-1: Ball
2-1: Swinging Strike
2-2: Ball
3-2: Base on Balls
Chiel Palstermans to second
Batting: LHB Ryan Flynn Jr. 0-0: Foul Ball, location: 2F
0-1: Foul Ball, location: 2F
0-2: Foul Ball, location: 2F
0-2: Fielders Choice at 2nd, 6-4 (Groundball, 6, EV 84.4 MPH)
Chiel Palstermans to third
Batting: SHB Jerry Luckwell 0-0: Foul Ball, location: 2F
0-1: TRIPLE (Line Drive, 89XD, EV 104.4 MPH)
Chiel Palstermans scores
Ryan Flynn Jr. scores
Pinch Hitting: RHB Manny Vergara 0-0: Ball
1-0: Called Strike
1-1: Ball
2-1: Ball
3-1: Called Strike
3-2: Ground out 4-3 (Groundball, 4, EV 86.2 MPH)
Top of the 9th over - 2 runs, 2 hits, 0 errors, 1 left on base; San Diego 6 - Los Angeles 6
BOTTOM OF THE 9TH
Los Angeles Dodgers batting - Pitching for San Diego Padres : RHP Raul Almonte
Now in LF: Rudolf Gommers
Now in RF: Carlos Reyes
Batting: LHB Yasahiko Teshima 0-0: Ball
1-0: Called Strike
1-1: SINGLE (Flyball, 78S, EV 91.9 MPH)
Batting: RHB Isaiah Yarbrough 0-0: Bunted foul
0-1: Ball
1-1: Ball
2-1: Bunt - Flyout to P! F1
Batting: RHB Tsutomu Irie 0-0: Ball
1-0: Swinging Strike
1-1: SINGLE (Groundball, 56, EV 100.6 MPH)
Yasahiko Teshima to second
Batting: LHB Chris Ringwood 0-0: Ball
1-0: Ball
2-0: Foul Ball, location: 2F
2-1: Called Strike
2-2: Ground out 3-1 (Groundball, 13, EV 93.1 MPH)
Yasahiko Teshima to third
Tsutomu Irie to second
Batting: LHB Lirak Bazhunaishvili 0-0: Intentional Walk
Batting: RHB Clay Buchanan 0-0: Ball
1-0: Foul Ball, location: 2F
1-1: Foul Ball, location: 2F
1-2: Fly out, F9 (Flyball, 89XD, EV 103.8 MPH)
Bottom of the 9th over - 0 runs, 2 hits, 0 errors, 3 left on base; San Diego 6 - Los Angeles 6
TOP OF THE 10TH
San Diego Padres batting - Pitching for Los Angeles Dodgers : LHP Josh Ramirez
Pitching: RHP Michael Walsh
Batting: RHB Bobby Ayala 0-0: Fly out, F8 (Flyball, 8RM, EV 86.2 MPH)
Batting: RHB Jorge Severiano 0-0: Ball
1-0: Ball
2-0: Called Strike
2-1: Ball
3-1: SINGLE (Line Drive, 4MD, EV 96.2 MPH)
Batting: SHB Rich Chavez 0-0: Ball
1-0: Ball
2-0: Grounds into double play, 6-4-3 (Groundball, 6MS, EV 83.1 MPH)
Top of the 10th over - 0 runs, 1 hit, 0 errors, 0 left on base; San Diego 6 - Los Angeles 6
BOTTOM OF THE 10TH
Los Angeles Dodgers batting - Pitching for San Diego Padres : RHP Raul Almonte
Batting: RHB Danny Dyer 0-0: Called Strike
0-1: Ball
1-1: Fly out, F3 (Popup, 3S, EV 73.1 MPH)
Batting: RHB Ben Mischnick 0-0: Reached on error, E3 (Groundball, 34S, EV 88.1 MPH)
Batting: SHB Carlos Rodriguez 0-0: Ball
1-0: Called Strike
1-1: Foul Ball, location: 2F
1-2: Foul Ball, location: 2F
1-2: Ball
2-2: 2-RUN HOME RUN (Flyball, 8RXD, EV 107.5 MPH), Distance : 422 ft
Bottom of the 10th over - 2 runs, 1 hit, 1 error, 0 left on base; San Diego 6 - Los Angeles 8
Game Over ... Los Angeles defeats San Diego, 8 to 6
Wednesday, June 22nd , 2022 - OOTP Baseball 23.4 Build 64